Workbook

Sheet Current Cycle Budget
A1: Budget Item | B1: Amount Budgeted | C1: Amount Spent to Date | F1: Budgeted | G1: Spend | H1: Summarized Budget
A2: Facility Costs | B2: 13500 | C2: 2255.35 | E2: TS Expenses | F2: 10800 | G2: 17848
A3: TS Travel | B3: 4800 | C3: 15424.74 | E3: Facilities | F3: 13500 | G3: 2255.35
A4: TS Lodging | B4: 4000 | C4: 2287.26 | E4: Fees | F4: 517.5 | G4: 122.5
A5: TS Per Diem | B5: 2000 | C5: 136 | E5: PR | F5: 2250 | G5: =J11 -> 0
A6: Technology | B6: 3000 | C6: 924.45 | E6: Technology | F6: 3000 | G6: 924.45
A7: Corporate Filing | B7: 367.5 | C7: 122.5 | E7: Additional Needs | F7: 3450 | G7: =SUM(J9:J10) -> 0
A8: Bank Charges | B8: 150 | C8: 0 | E8: Misc. | F8: 450 | G8: 85
A9: Additional Needs | B9: 3000 | C9: 0 | E9: Total | F9: =SUM(F2:F8) -> 33967.5 | G9: =SUM(G2:G8) -> 21235.3
A10: Additional Needs Printing | B10: 450 | C10: 0 | E10: This is March '24-July'25
A11: PR Task Force | B11: 2250 | C11: 0 | E11: Income | F11: =SUM('Income Minus Expenses'!B2:B6) -> 10885.13
A12: Sec/Tresurer printing | B12: 450 | C12: 85
E13: The colored table is the consolidated budget categories used for the rest of the report. The initial categories were more specific but not in a helpful way.
A15: Total Budget | B15: =SUM(B2:B14) -> 33967.5
A17: This represents our current 2 year budget | E17: This is an illustration of the spending as of the writing of this report.

Sheet Income Minus Expenses
B1: Income | C1: Expenses | D1: Difference | F1: Meeting | G1: Code | I1: Income | J1: =SUM(B2:B6) -> 10885.13
A2: 1 | B2: =SUM('March 2024'!D2:D15) -> 1500 | C2: =SUM('March 2024'!C2:C15) -> 1680.09 | D2: =B2-C2 -> -180.09 | F2: 45740 | G2: 1 | Q2: Meeting | R2: Difference
A3: 2 | B3: =SUM('July 2024'!D2:D15) -> 1249.9 | C3: =SUM('July 2024'!C2:C15) -> 12720.64 | D3: =B3-C3 -> -11470.74 | F3: 45862 | G3: 2 | I3: This shows the income for each meeting's treasurer's report compared to the spending for that meeting. The second chart is just a graph of that difference. | Q3: 1 | R3: 180.09
A4: 3 | B4: 3059.58 | C4: 5304.7 | D4: =B4-C4 -> -2245.12 | F4: 46015 | G4: 3 | Q4: 2 | R4: 11470.74
A5: 4 | B5: 1236 | C5: 2981.83 | D5: =B5-C5 -> -1745.83 | F5: 45741 | G5: 4 | Q5: 3 | R5: 2245.12
A6: 5 | B6: =SUM('July 2025'!D2:D15) -> 3839.65 | C6: 4909.83 | D6: =B6-C6 -> -1070.18 | F6: 45863 | G6: 5 | Q6: 4 | R6: 1745.83
Q7: 5 | R7: 1070.18

Sheet Recommendations
A1: Budget Item | B1: Amount Budgeted | E1: 1 year | F1: 3 Year | K1: Budgeted | L1: Spent
A2: Facility Costs | B2: 13500 | D2: TS Expenses | E2: 2200 | F2: 6600 | J2: TS Expenses | K2: 10800 | L2: 17848
A3: TS Travel | B3: 4800 | D3: Facilities | E3: 1500 | F3: 4500 | G3: Income | H3: =SUM('Income Minus Expenses'!J1) -> 10885.13 | J3: Facilities | K3: 13500 | L3: 2255.35
A4: TS Lodging | B4: 4000 | D4: Fees | E4: 200 | F4: 600 | G4: 3 yr | H4: =H3+H3*0.5 -> 16327.695 | J4: Fees | K4: 517.5 | L4: 122.5
A5: TS Per Diem | B5: 2000 | D5: PR | F5: 0 | J5: PR | K5: 2250 | L5: =F12 -> 0
A6: Technology | B6: 3000 | D6: Technology | E6: 700 | F6: 2100 | J6: Technology | K6: 3000 | L6: 924.45
A7: Corporate Filing | B7: 367.5 | D7: Additional Needs | F7: 0 | G7: Expendable | H7: =H4-F9 -> 2077.695 | J7: Additional Needs | K7: 3450 | L7: =SUM(F10:F11) -> 0
A8: Bank Charges | B8: 150 | D8: Misc. | E8: 150 | F8: 450 | J8: Misc. | K8: 450 | L8: 85
A9: Additional Needs | B9: 3000 | D9: Total | E9: =SUM(E2:E8) -> 4750 | F9: =SUM(F2:F8) -> 14250
A10: Additional Needs Printing | B10: 450 | D10: This is the recommended budget for one year and three years. It assumes one in person meeting per year, all other expenses voted on as needed. | J10: This is current budget vs spending
A11: PR Task Force | B11: 2000
A12: Sec/Tresurer printing | B12: 450
A15: Total Budget | B15: =SUM(B2:B14) -> 33717.5
A17: Above is the current budget

Sheet March 2024
A1: Date | B1: Description | C1: Withdrawals | D1: Deposits | F1: Income
A2: 45322 | B2: DEPOSIT 6535 From Fla Region | D2: 1500 | F2: Expenses
A3: 45369 | B3: CHECK 5059 Reimbursement to Mat S | C3: 839.89
B4: Annual filing fee $61.25
B5: Raleigh/ Durham Mat S travel $ 417.70
B6: Zonal hotel Tampa reimbursement $360.94
A7: 45369 | B7: CHECK 5101 Reimbursement to Ramon R | C7: 504.46
B8: Raleigh/ Durham Belynda N travel
A9: 45370 | B9: CHECK 5060 Donation to Fla Region | C9: 300
A10: 45373 | B10: CHECK 5102 Reimbursement to Belynda | C10: 35.74
A11: 3.28.2024 | B11: *Check # 5055 in the amount of $9,805.64 sent to NA world Services *

Sheet July 2024
A1: Date | B1: Description | C1: Withdrawals | D1: Deposits | F1: Income
A2: Date | B2: Description | C2: Withdrawals | D2: Deposits | F2: Expenses
A3: 45407 | B3: *Check # 5055 sent to world * | C3: 9805.64
A4: 45432 | B4: ATM DEPOSIT 81846892 DEPOSIT | D4: 164.9
B5: JULY Transactions as of 7.27.2024 zonal
B6: Check From Courage to Change | D6: 85
B7: Food at zonal Meeting - Raliegh NC on Zonal card | C7: 122.43
B8: *** Have not reconciled at the Bank yet**
A9: 45500 | B9: Lodging for Trusted servants (on Zonal Card)** | C9: 781.44
A10: 45500 | B10: Check 5061 Mat (Miami hotel reimbursement )** | C10: 524.47
A11: 45500 | B11: Check 5062 Michelle ( Travel )** | C11: 178.21
A12: 45500 | B12: Check 5063 Jacob S Hotel Reimbursement for Zonal Meeting Room ** | C12: 1308.45
A14: 45500 | B14: Check 2459 Received from AL NW FL RSCNA** | D14: 1000

Sheet December 2024
A1: Date | B1: Description | C1: Withdrawals | D1: Deposits | F1: Income | G1: =SUM(D2:D15) -> 3059.58 | H1: =SUM(C2:C15) -> 5304.7
A2: 45862 | B2: Check donation Courage to change | D2: 85
B3: Food at zonal Meeting - Raliegh NC on Zonal card | C3: 122.43
B4: Lodging for Trusted servants (on Zonal Card | C4: 781.44
B5: Check 5061 Mat (Miami reimbursement | C5: 524.47
B6: Check 5063 Reimbursement for Zonal Meeting Room | C6: 1308.45
B7: Check 5062 Michelle (Travel reimbursement | C7: 178.21
B8: Check 2459 Received from AL NW FL RSCNA | D8: 1000
B9: Check 1581 Donation North Carolina Region | D9: 1130.46
B10: Check 1586 Donation North Carolina Region | D10: 844.12
B11: Check 5064 California Steve Web Design | C11: 410
B12: Recurring annual zoom charge (September) | C12: 479.7
B13: Reimbursement Matt Facebook PSA until 12/9 | C13: 500
B14: Reimbursement Matt Hotel for SEZF Room Miami | C14: 1000

Sheet March 2025
A1: Date | B1: Description | C1: Withdrawals | D1: Deposits | F1: Income | G1: =SUM(D2:D15) -> 1236 | H1: =SUM(C2:C15) -> 2981.83
A2: 46000 | B2: Check 5104 Perdiem Belynda | C2: 136 | F2: Expenses
A3: 46000 | B3: Printing Secretary | C3: 38.31
A4: 46001 | B4: Check 5105 Webservant equipment (approved 12.7.24) | C4: 67.08
A5: 46001 | B5: Lodging for Trusted servants (on Zonal Card | C5: 1145.82
A6: 46002 | B6: Web servant equipment Purchases ( approved 12.7.24) | C6: 857.37
A8: 45684 | B8: Travel Belynda (reimbursement to Ramon R) | C8: 398
A9: 45688 | B9: Sunbiz | C9: 61.25
A11: 45706 | B11: Check 1597 Donation North Carolina Region | D11: 1236
A12: 45707 | B12: Travel Michelle | C12: 278

Sheet July 2025
A1: Date | B1: Description | C1: Withdrawals | D1: Deposits | F1: Income
A2: 45742 | B2: Trusted servant Travel Matt Travel ( bright line ) | C2: 158 | F2: Expenses
A3: 45747 | B3: Donation Georgia Region | D3: 1631.68
A4: 3/31.2025 | B4: Reimbursement Patrick Joyce ( hotel Meeting space ) | C4: 1983.2
A5: 45748 | B5: Trusted servants lodging | C5: 1240.26
A6: 45758 | B6: Donation South Florida Region | C6: 500
A7: 45758 | B7: Trusted servant Travel (Matt) | C7: 413.37
A8: 45758 | B8: Trusted servant Travel (Belynda ) | C8: 315
A9: 45786 | B9: Reimbursement Shane ( hotel down payment ) | C9: 300
A10: 45789 | B10: Donation North Carolina | D10: 586.9
A11: 45796 | B11: Donation Florida Region | D11: 1500
A12: 45796 | B12: Donation Courage to Change ( use of zoom platform) | D12: 121.07
